 Dungeon Crawl Stone Soup version 0.28-a0-1152-g9c71ebef14 (webtiles) character file.

Game seed: 9924267533997041240

22679 porpoise the Thaumaturge (level 12, 0/68 HPs)
             Began as a Deep Elf Conjurer on Dec 15, 2021.
             Was an Elder of Vehumet.
             Slain by a wyvern (10 damage)
             ... on level 4 of the Lair of Beasts.
             The game lasted 01:17:18 (20125 turns).

porpoise the Thaumaturge (Deep Elf Conjurer)       Turns: 20125, Time: 01:17:18

Health: 0/68       AC:  8    Str:  6    XL:     12   Next: 65%
Magic:  27/48      EV: 15    Int: 30    God:    Vehumet [****..]
Gold:   773        SH: 11    Dex: 13    Spells: 12/36 levels left

rFire   . . .      SeeInvis .   b - +5 hunting sling of Ymenti {venom, +Blink rPois rN+ Int+3}
rCold   . . .      Faith    .   L - +1 buckler
rNeg    + . .      Spirit   .   A - +0 steam dragon scales
rPois   +          Reflect  +   z - +1 hat
rElec   .          Harm     .   I - +0 cloak
rCorr   +          Rampage  .   (no gloves)
Will    +....                   O - +0 pair of boots of the Dice {rCorr MP+9}
Stlth   ++++......              k - amulet of reflection
HPRegen 0.21/turn               l - ring of magical power
MPRegen 0.31/turn               G - ring of poison resistance

@: no status effects
A: no striking features
a: Renounce Religion, Evoke Blink


You were on level 4 of the Lair of Beasts.
You worshipped Vehumet.
Vehumet was greatly pleased with you.
You visited 3 branches of the dungeon, and saw 16 of its levels.

You collected 983 gold pieces.
You spent 210 gold pieces at shops.

Inventory:

Hand Weapons
 a - a +3 short sword of electrocution
 b - the +5 hunting sling of Ymenti (weapon) {venom, +Blink rPois rN+ Int+3}
   (You found it on level 1 of the Lair of Beasts)

   Any ammunition fired from it poisons the flesh of those it strikes.
   Int:       It affects your intelligence (+3).
   rPois:     It protects you from poison.
   rN:        It protects you from negative energy.
   +Blink:    It lets you blink.
 o - the +7 quarterstaff "Jellybane" {spect, Dex+2}
   (You found it on level 3 of the Lair of Beasts)

   When its wielder attacks, the weapon's spirit leaps out and strikes again.
   The spirit shares a part of any damage it takes with its wielder.
   Dex:       It affects your dexterity (+2).
 p - a +3 vampiric short sword
 w - a +1 hunting sling
Missiles
 c - 76 poisoned darts
 d - 4 atropa-tipped darts
 i - 419 stones
 s - 71 sling bullets (quivered ammo)
 u - a throwing net
 F - 4 boomerangs
Armour
 z - a +1 hat (worn)
 A - +0 steam dragon scales (worn)
 I - a +0 cloak (worn)
 L - a +1 buckler (worn)
 O - the +0 pair of boots of the Dice (worn) {rCorr MP+9}
   (You found it on level 7 of the Dungeon)

   MP:        It affects your magic capacity (+9).
   rCorr:     It protects you from acid and corrosion.
Jewellery
 k - an amulet of reflection (around neck)
 l - a ring of magical power (left hand)
 m - a ring of ice
 G - a ring of poison resistance (right hand)
Wands
 e - a wand of flame (3)
 j - a wand of polymorph (9)
 K - a wand of acid (3)
 M - a wand of iceblast (2)
Scrolls
 f - 7 scrolls of teleportation
 n - a scroll of enchant armour
 q - a scroll of summoning
 t - 8 scrolls of identify
 E - a scroll of fog
 H - 4 scrolls of vulnerability
Potions
 g - 3 potions of attraction
 h - a potion of heal wounds {unknown}
 r - a potion of lignification
 D - a potion of curing
Miscellaneous
 P - a tin of tremorstones (2/2)


   Skills:
 - Level 5.0 Fighting
 - Level 7.0 Dodging
 - Level 9.0 Stealth
 - Level 4.0 Shields
 + Level 12.5 Spellcasting
 - Level 9.0 Conjurations
 - Level 9.0 Hexes
 - Level 7.0 Translocations
 - Level 7.0 Fire Magic
 + Level 6.7 Earth Magic
 - Level 5.0 Evocations


You had 12 spell levels left.
You knew the following spells:

 Your Spells              Type           Power      Damage    Failure   Level
a - Magic Dart            Conj           100%       1d8       1%          1
b - Searing Ray           Conj           100%       2d8       1%          2
c - Fulminant Prism       Conj/Hex       32%        3d16      1%          4
d - Iskenderun's Mystic   Conj/Tloc      61%        2d13      1%          4
e - Iron Shot             Conj/Erth      30%        9d6       4%          6
s - Stone Arrow           Conj/Erth      100%       3d13      1%          3
w - Flame Wave            Conj/Fire      61%        2d10      1%          4

Your spell library contained the following spells:

 Spells                   Type           Power      Damage    Failure   Level
 Yara's Violent Unravell  Hex/Tmut       22%        3d10      3%          5
 Sandblast                Erth           100%       2d20      1%          1
 Ensorcelled Hibernation  Hex/Ice        90%        N/A       1%          2
 Passwall                 Tmut/Erth      32%        N/A       1%          2
 Poisonous Vapours        Pois/Air       36%        N/A       1%          2
 Conjure Flame            Conj/Fire      61%        6-21      1%          3
 Dazzling Flash           Conj/Hex       100%       N/A       1%          3
 Gell's Gravitas          Tloc           57%        N/A       1%          3
 Ignite Poison            Fire/Tmut/Pois 32%        N/A       1%          3
 Lesser Beckoning         Tloc           57%        N/A       1%          3
 Teleport Other           Tloc           57%        N/A       1%          3
 Sticky Flame             Conj/Fire      61%        2d8       1%          4
 Iskenderun's Battlesphe  Conj           64%        2d11      1%          5
 Animate Skeleton         Necr           36%        N/A       2%          1
 Pain                     Necr           72%        1d7       2%          1
 Frozen Ramparts          Ice            36%        1d5       2%          3
 Corpse Rot               Necr/Air       36%        N/A       4%          2
 Spider Form              Tmut/Pois      18%        N/A       9%          3
 Vampiric Draining        Necr           18%        2d7       9%          3
 Ice Form                 Ice/Tmut       18%        N/A       26%         4
 Summon Ice Beast         Ice/Summ       18%        N/A       26%         4
 Spellforged Servitor     Conj/Summ      22%        N/A       63%         7


Dungeon Overview and Level Annotations

Branches:
Dungeon (11/15)            Temple (1/1) D:5            Lair (4/6) D:10
  Snake (0/4) Lair:2          Orc (0/2) D:10
  Swamp: Lair:2-4    Shoals: Lair:2-4

Altars:
Ashenzari
Cheibriados
Dithmenos
Elyvilon
Fedhas
Hepliaklqana
Kikubaaqudgha
Makhleb
Nemelex Xobeh
Okawaru
Qazlal
Ru
Sif Muna
Trog
Uskayaw
Vehumet
Wu Jian
Xom
Yredelemnul
Zin
The Shining One

Shops:
D:4 *   D:5 :=*:


Message History

Aiming: Stone Arrow (safe; 1% risk of failure)
Press: ? - help, Shift-Dir - straight line, f - black mamba
Aim: a black mamba (moderately wounded, 63% to hit)
The stone arrow hits the black mamba!
The black mamba is severely wounded.
Casting: Stone Arrow (safe; 1% risk of failure)
Confirm with . or Enter, or press ? or * to list all spells.
Aiming: Stone Arrow (safe; 1% risk of failure)
Press: ? - help, Shift-Dir - straight line, f/p - black mamba
Aim: a black mamba (severely wounded, 63% to hit)
The stone arrow misses the black mamba.
Casting: Stone Arrow (safe; 1% risk of failure)
Confirm with . or Enter, or press ? or * to list all spells.
Aiming: Stone Arrow (safe; 1% risk of failure)
Press: ? - help, Shift-Dir - straight line, f/p - black mamba
Aim: a black mamba (severely wounded, 63% to hit)
The stone arrow misses the black mamba.
The black mamba closely misses you.
Unknown command.
Casting: Stone Arrow (safe; 1% risk of failure)
Confirm with . or Enter, or press ? or * to list all spells.
Aiming: Stone Arrow (safe; 1% risk of failure)
Press: ? - help, Shift-Dir - straight line, f/p - black mamba
Aim: a black mamba (severely wounded, 63% to hit)
The stone arrow misses the black mamba.
You carefully extract the barbed spikes from your body.
You block the black mamba's attack. The black mamba bites you!
* * * LOW HITPOINT WARNING * * *
You feel better. You block the black mamba's attack.
The black mamba misses you.
Okay, then.
As you read the scroll of fear, it crumbles to dust.
You assume a fearsome visage.
The manticore looks frightened!
The wind drake looks frightened!
The black mamba looks frightened!
Okay, then.
Okay, then.
A wyvern comes into view.
The wyvern hisses angrily.
Found a trident and a glaive.
The wyvern bites you!
You die...

#....... #.......#
...###
#.......###...#.#
#........##.#...##
.#..#....#..#....###
...H....###.#....#.#
...##.#............#
................[..#
.......#........@<.#
.......##......l..##
.............^...##
.#...#.......#...#
.###....P..###...#
## #.......# #)....
........# ##.....
........# ......#
#.......! ..)..#


You could see a wyvern.

Vanquished Creatures
  Rupert (Lair:3)
  A tengu warrior (D:10)
  2 two-headed ogres
  Nergalle (Lair:2)
  2 black mambas
  10 cane toads
  A tengu conjurer (D:10)
  6 komodo dragons
  A hornet (Lair:3)
  13 blink frogs
  Sigmund (D:5)
  A shadow (D:10)
  26 yaks
  A wyvern (Lair:2)
  Eustachio (D:5)
  2 basilisks (Lair:3)
  A steam dragon (D:7)
  4 vampire mosquitoes (D:10)
  14 water moccasins
  An ice beast (D:7)
  4 black bears
  5 necrophages
  A sky beast (D:7)
  2 centaurs
  2 phantoms (D:10)
  Blork the orc (D:5)
  2 gnoll sergeants
  11 bullfrogs
  A wyvern zombie (D:8)
  2 scorpions (D:6)
  6 killer bees (D:9)
  5 wights
  A howler monkey (D:3)
  A human zombie (D:8)
  6 centaur zombies
  2 hounds (D:5)
  2 bullfrog skeletons
  2 centaur skeletons
  3 orc priests
  3 iguanas
  5 orc wizards
  6 ogre zombies (D:10)
  2 mummies (D:8)
  2 howler monkey zombies
  9 adders
  24 gnolls
  A shadow imp (D:5)
  3 white imps
  An ufetubus (D:3)
  A worm (D:3)
  3 dart slugs
  23 orcs
  5 endoplasms
  2 giant cockroaches (D:3)
  13 hobgoblins
  7 jackals
  5 quokkas
  10 ball pythons
  3 bats (D:1)
  4 frilled lizards
  3 goblins
  2 goblin skeletons (D:10)
  2 goblin zombies (D:10)
  A hobgoblin zombie (D:10)
  5 kobolds
  2 orc skeletons (D:10)
  12 orc zombies (D:10)
  5 rats
313 creatures vanquished.

Vanquished Creatures (collateral kills)
  Maurice (D:9)
  An orc wizard (D:4)
  A worm (D:4)
3 creatures vanquished.

Vanquished Creatures (others)
  3 bushes (D:10)
  A butterfly (D:10)
  56 fulminant prisms
  18 fungi
  28 plants
106 creatures vanquished.

Grand Total: 422 creatures vanquished

Notes
Turn   | Place    | Note
-------+----------+-------------------------------------------
     0 | D:1      | porpoise the Deep Elf Conjurer began the quest for the Orb.
     0 | D:1      | Reached XP level 1. HP: 10/10 MP: 6/6
   194 | D:1      | Reached XP level 2. HP: 15/15 MP: 5/8
   308 | D:1      | Reached skill level 5 in Conjurations
   499 | D:1      | Learned a level 2 spell: Searing Ray
   764 | D:1      | Reached XP level 3. HP: 19/19 MP: 7/9
  1574 | D:2      | Reached skill level 4 in Spellcasting
  1895 | D:2      | Reached XP level 4. HP: 24/24 MP: 12/12
  1913 | D:2      | Learned a level 4 spell: Fulminant Prism
  1918 | D:2      | Learned a level 4 spell: Iskenderun's Mystic Blast
  2294 | D:3      | Reached skill level 1 in Hexes
  2647 | D:3      | Reached skill level 5 in Spellcasting
  2808 | D:3      | Reached XP level 5. HP: 28/28 MP: 14/14
  3158 | D:3      | Found a blossoming altar of Fedhas.
  4053 | D:3      | Reached skill level 6 in Spellcasting
  4437 | D:4      | Reached XP level 6. HP: 32/32 MP: 15/17
  5153 | D:4      | Found Zumaovu's Assorted Antiques.
  5159 | D:4      | Bought a scroll labelled UFUKOAGAVI for 24 gold pieces
  5159 | D:4      | Bought a scroll labelled TESELU BEPNATA for 24 gold pieces
  5377 | D:5      | Entered Level 5 of the Dungeon
  5385 | D:5      | Found Yczue's Book Shoppe.
  5675 | D:5      | Noticed Sigmund
  5682 | D:5      | Killed Sigmund
  5683 | D:5      | Reached skill level 7 in Spellcasting
  5683 | D:5      | Reached skill level 5 in Hexes
  5683 | D:5      | Reached XP level 7. HP: 31/36 MP: 15/19
  5721 | D:5      | Noticed Eustachio
  5729 | D:5      | Killed Eustachio
  5730 | D:5      | Reached skill level 1 in Translocations
  5958 | D:5      | Reached skill level 5 in Stealth
  6039 | D:5      | Reached XP level 8. HP: 41/41 MP: 20/20
  6107 | D:5      | Noticed Blork the orc
  6114 | D:5      | Killed Blork the orc
  6397 | D:5      | Found a staircase to the Ecumenical Temple.
  6412 | Temple   | Entered the Ecumenical Temple
  6434 | Temple   | Became a worshipper of Vehumet
  6521 | D:5      | Found Bealo's Assorted Antiques.
  6530 | D:5      | Learned a level 3 spell: Stone Arrow
  6607 | D:5      | Found Bashrif's Book Shoppe.
  6678 | D:5      | Found Wothutae's Jewellery Emporium.
  6840 | D:5      | Bought a golden potion for 25 gold pieces
  6840 | D:5      | Bought an orange potion for 25 gold pieces
  6840 | D:5      | Bought a scroll of identify for 56 gold pieces
  6840 | D:5      | Bought a scroll of identify for 56 gold pieces
  7565 | D:6      | Reached skill level 5 in Translocations
  7918 | D:7      | Reached skill level 1 in Earth Magic
  8259 | D:7      | Identified the +0 pair of boots of the Dice {rCorr MP+9}
  8329 | D:7      | Reached skill level 1 in Fighting
  8386 | D:7      | Reached * piety under Vehumet
  8386 | D:7      | Offered knowledge of Freeze by Vehumet.
  8387 | D:7      | Reached XP level 9. HP: 29/47 MP: 21/21
  9317 | D:8      | Found a sacrificial altar of Ru.
  9377 | D:8      | Noticed a two-headed ogre
  9394 | D:8      | Killed a two-headed ogre
  9395 | D:8      | Reached skill level 5 in Earth Magic
  9690 | D:8      | Found a basalt altar of Yredelemnul.
  9780 | D:8      | Reached skill level 5 in Fighting
 10346 | D:8      | You fall into a shaft and drop 3 floors!
 10353 | D:10     | Entered Level 10 of the Dungeon
 10375 | D:10     | Reached skill level 8 in Spellcasting
 10943 | D:8      | Identified the +2 leather armour "Suipsear" {Harm *Corrode
                  | rN++ Stlth+}
 10957 | D:8      | Reached XP level 10. HP: 59/59 MP: 24/24
 11869 | D:9      | Reached skill level 5 in Dodging
 11947 | D:9      | Noticed Maurice
 11963 | D:9      | Paralysed by something for 4 turns
 11985 | D:9      | Killed Maurice
 11985 | D:9      | Reached ** piety under Vehumet
 12517 | D:10     | Reached skill level 9 in Spellcasting
 12521 | D:10     | Offered knowledge of Shock by Vehumet.
 12901 | D:10     | Noticed a tengu warrior
 12910 | D:10     | Killed a tengu warrior
 12911 | D:10     | Reached skill level 10 in Spellcasting
 13416 | D:10     | Found a staircase to the Orcish Mines.
 13441 | D:10     | Reached skill level 1 in Shields
 13784 | D:10     | Noticed a two-headed ogre
 13792 | D:10     | Killed a two-headed ogre
 13793 | D:10     | Reached skill level 11 in Spellcasting
 14270 | D:10     | Found a white marble altar of Elyvilon.
 14304 | D:10     | Offered knowledge of Inner Flame by Vehumet.
 14551 | D:10     | Found a staircase to the Lair.
 14562 | D:10     | Reached XP level 11. HP: 57/63 MP: 25/28
 14807 | D:10     | Found a shimmering blue altar of Sif Muna.
 14807 | D:10     | Found a glowing silver altar of Zin.
 14807 | D:10     | Found a bloodstained altar of Trog.
 14807 | D:10     | Found a shadowy altar of Dithmenos.
 14932 | D:10     | Found an ancient bone altar of Kikubaaqudgha.
 14932 | D:10     | Found a glowing golden altar of the Shining One.
 15046 | D:11     | Noticed a two-headed ogre
 15080 | Lair:1   | Entered Level 1 of the Lair of Beasts
 15454 | Lair:1   | Reached skill level 12 in Spellcasting
 15497 | Lair:1   | Identified the +5 hunting sling of Ymenti {venom, +Blink
                  | rPois rN+ Int+3}
 15696 | Lair:1   | Reached *** piety under Vehumet
 15697 | Lair:1   | Reached skill level 1 in Evocations
 16402 | Lair:2   | Reached skill level 5 in Evocations
 16408 | Lair:2   | Noticed Nergalle
 16411 | Lair:2   | Offered knowledge of Flame Wave by Vehumet.
 16629 | Lair:1   | Learned a level 4 spell: Flame Wave
 16634 | Lair:2   | Killed Nergalle
 16635 | Lair:2   | Reached skill level 1 in Fire Magic
 16670 | Lair:2   | Found a staircase to the Snake Pit.
 17362 | Lair:2   | Reached XP level 12. HP: 68/68 MP: 30/30
 18215 | Lair:3   | Noticed Rupert
 18776 | Lair:3   | Reached skill level 5 in Fire Magic
 19166 | Lair:3   | Reached **** piety under Vehumet
 19514 | Lair:3   | Identified the +7 quarterstaff "Jellybane" {spect, Dex+2}
 19568 | Lair:3   | Killed Rupert
 19576 | Lair:3   | Learned a level 6 spell: Iron Shot
 19926 | Lair:4   | Offered knowledge of Yara's Violent Unravelling by Vehumet.
 20110 | Lair:4   | HP: 2/68 [black mamba (3)]
 20117 | Lair:4   | HP: 3/68 [black mamba (16)]
 20125 | Lair:4   | Slain by a wyvern

Illustrated notes

Levels and vault maps discovered:
D:1:      amcnicky_arrival_flooded_fountain, layout_rooms
D:2:      layout_rooms
D:3:      layout_basic, fedhas_altar_4
D:4:      layout_rooms, serial_shops, nicolae_shop_hallway_plus
D:5:      layout_loops_ring, minmay_temple_entry_purple_smoke, serial_shops,
          nicolae_take_the_stairs, shop, nicolae_shop_statue_plus,
          nicolae_shop_window_shopping, uniq_blork_the_orc, uniq_sigmund,
          uniq_eustachio
D:6:      layout_gridville, minmay_liquid_box
D:7:      layout_basic, minmay_misc_feat_more_columns,
          hellmonk_bongcloud_opening, nicolae_fountain_basement
D:8:      layout_gridville, lemuel_mausoleum_altar_yredelemnul,
          mainiacjoe_overflow_chevrons
D:9:      layout_roguey, kennysheep_cross_room, glass_columns_a, nrook_uturn,
          minmay_misc_feat_five, uniq_maurice
D:10:     layout_loops_ring, minmay_overflow_temple_hex,
          nicolae_elyvilon_peaceful_grove, lair_entry_dummy, zombieorc1_lemuel
D:11:     layout_cross, uniq_josephine
Temple:   minmay_temple_bridge_abc
Lair:1:   layout_cave_shapes
Lair:2:   layout_cellular_growth, minmay_snake_entry_six_corridors,
          uniq_nergalle
Lair:3:   layout_regular_city, chequers_serial_rivers_small_3, uniq_rupert
Lair:4:   layout_misc_corridors, minmay_shoals_entry_beasts

Skill      XL: |  1  2  3  4  5  6  7  8  9 10 11 12 |
---------------+-------------------------------------+-----
Conjurations   | 5 7 8 9 |  9.0
Spellcasting   | 4 5 6 7 8 11 12 | 12.5
Hexes          | 1 2 5 6 7 9 |  9.0
Stealth        | 3 4 5 6 7 8 9 |  9.0
Translocations | 2 5 7 |  7.0
Earth Magic    | 3 5 6 |  6.7
Fighting       | 1 5 |  5.0
Dodging        | 4 7 |  7.0
Shields        | 2 4 |  4.0
Evocations     | 5 |  5.0
Fire Magic     | 3 7 |  7.0

Action                   |  1- 3 |  4- 6 |  7- 9 | 10-12 || total
-------------------------+-------+-------+-------+-------++-------
Melee: Short sword       |       |     1 |       |       ||     1
 Fire: Hunting sling     |       |       |    41 |    70 ||   111
 Cast: Magic Dart        |    58 |    26 |       |       ||    84
       Searing Ray       |     7 |    36 |    29 |    42 ||   114
       Fulminant Prism   |       |     2 |    12 |    42 ||    56
       Stone Arrow       |       |       |    59 |   122 ||   181
       Iskenderun's Myst |       |       |     5 |    31 ||    36
       Flame Wave        |       |       |       |     4 ||     4
Evoke: Wand              |       |       |       |     1 ||     1
  Use: Scroll            |       |     6 |    10 |     5 ||    21
       Potion            |       |     1 |       |     4 ||     5
Armor: Robe              |     1 |    12 |     8 |       ||    21
       Steam dragon scal |       |       |     6 |    19 ||    25
Dodge: Dodged            |     5 |    48 |    21 |    55 ||   129
Block: Buckler           |       |       |       |    15 ||    15

Table legend: (Time is in decaauts)
 A = Elapsed time spent in this place.
 B = Non-inter-level travel time spent in this place.
 C = Inter-level travel time spent in this place.
 D = Time resting spent in this place.
 E = Time spent auto-exploring this place.
 F = Levels seen in this place.
 G = Mean time per level.
                   A        B        C        D        E       F      G
               +--------+--------+--------+--------+--------+-----+--------+
         Total |  20165 |  19272 |    893 |  10343 |   6727 |  16 | 1260.3 |
       Dungeon |  15060 |  14511 |    549 |   7864 |   4993 |  11 | 1369.1 |
        Temple |     43 |     22 |     21 |      0 |     10 |   1 |   43.0 |
          Lair |   5061 |   4738 |    323 |   2479 |   1724 |   4 | 1265.2 |
               +--------+--------+--------+--------+--------+-----+--------+

Top non-repeatable levels by time:
    D:10: 2580 daAuts
     D:3: 2433 daAuts
  Lair:3: 1810 daAuts
     D:8: 1759 daAuts
  Lair:2: 1736 daAuts
     D:9: 1527 daAuts
  Lair:1: 1483 daAuts
     D:5: 1413 daAuts
     D:7: 1260 daAuts
     D:6: 1129 daAuts
     D:2: 1075 daAuts
     D:4: 935 daAuts
     D:1: 935 daAuts
  Temple: 43 daAuts
  Lair:4: 32 daAuts
